 Dungeon Crawl Stone Soup version 0.15.2 (webtiles) character file.

16116 magipi the Grappler (level 12, 0/135 HPs)
             Began as a Troll Chaos Knight on Sept 22, 2015.
             Was a Plaything of Xom.
             Slain by a tentacled starspawn (illusionary) (21 damage)
             ... on Level 1 of the Abyss.
             The game lasted 01:12:56 (9431 turns).

magipi the Grappler (Troll Chaos Knight)            Turns: 9431, Time: 01:12:56

HP   0/135       AC 24     Str 25      XL: 12   Next:  7%
MP   0/5         EV 14     Int  8      God: Xom
Gold 1005        SH  0     Dex 13      Spells:  2 memorised,  8 levels left

rFire  . . .     SeeInvis .       - Unarmed
rCold  . . .     Clarity  .     J - melded +2 robe
rNeg   + . .     rCorr    .     (shield restricted)
rPois  +         rRot     +     G - +2 hat
rElec  +         Spirit   +     d - +1 cloak
SustAb .         Warding  .     (gloves unavailable)
rMut   .         Stasis   .     (boots unavailable)
Gourm  +                        r - amulet of guardian spirit
MR     .....                    (no ring)
                                p - ring of poison resistance

@: statue-form, very slow, not resistant to hostile enchantments, very
unstealthy
A: unfitting armour, claws 3, agile 1, breathe flames 1, fast metabolism 3,
gourmand, regeneration 2, saprovore 2, (shaggy fur 0), (tough skin 0), wild
magic 1
a: Renounce Religion, Breathe Fire


You were on level 1 of the Abyss.
You worshipped Xom.
You were a favourite toy of Xom.
You were not hungry.
You were a stone statue.
You visited 1 branch of the dungeon, and saw 12 of its levels.
You visited the Abyss 1 time.

You collected 1229 gold pieces.
You spent 224 gold pieces at shops.

Inventory:

Hand weapons
 b - a +3 blowgun
Missiles
 F - a throwing net (quivered)
 K - 85 poisoned needles
 L - a curare-tipped needle
Armour
 d - a +1 cloak (worn)
 G - a +2 hat (worn)
 J - a +2 robe (melded)
 O - a +0 large shield of fire resistance
Magical devices
 e - a wand of cold (9)
 f - a wand of digging (7)
 g - a wand of cold (7)
 j - a wand of disintegration (13)
 n - a wand of random effects (5)
 q - a wand of fireball (2)
 C - a wand of fire (4)
 I - a wand of lightning (6)
 Q - a wand of paralysis (12)
Comestibles
 a - 9 meat rations
 k - 8 bread rations
 x - a fruit
Scrolls
 i - 4 scrolls of blinking
 o - 4 scrolls of recharging
 t - 4 scrolls of remove curse
 A - a scroll of fear
 B - 3 scrolls of fog
 N - 2 scrolls of teleportation
 P - a scroll of enchant weapon
Jewellery
 p - a ring of poison resistance (left claw)
 r - an amulet of guardian spirit (around neck)
 w - an uncursed amulet of warding
Potions
 c - 3 potions of haste
 h - a potion of agility
 l - 4 potions of heal wounds {unknown}
 m - 3 potions of curing
 s - a potion of brilliance {unknown}
 u - a potion of mutation {unknown}
 v - 4 potions of restore abilities
 y - 2 potions of might {unknown}
 E - 2 potions of resistance {unknown}
 H - a potion of cure mutation {unknown}
Books
 z - a book of Party Tricks

   Spells                             Type                      Level
   Summon Butterflies                 Summoning                    1
   *Apportation                       Translocation                1
   *Blink                             Translocation                2
   Tukima's Dance                     Hexes                        3
   Alistair's Intoxication            Transmutation/Poison         4
Miscellaneous
 D - a lamp of fire


   Skills:
 - Level 2.4 Fighting
 + Level 8.3 Dodging
 + Level 14.4 Unarmed Combat
 - Level 7.0 Translocations


You had 8 spell levels left.
You knew the following spells:

 Your Spells              Type           Power        Failure   Level  Hunger
a - Apportation           Tloc           ###.......   7%          1    ##.....
b - Blink                 Tloc           N/A          9%          2    ###....


Dungeon Overview and Level Annotations

Branches:
Dungeon (12/15)               Orc (0/4) D:9            Lair (0/8) D:9
 Temple: D:4-7

Altars:
Cheibriados
Dithmenos
Elyvilon
Fedhas
Kikubaaqudgha
Qazlal
Vehumet
Yredelemnul
Zin
The Shining One

Shops:
D:7 [

Annotations:
D:4 Pikel
D:5 exclusion: upstairs
D:7 exclusion: statue


Innate Abilities, Weirdness & Mutations

You are too large for most types of armour.
You have claws for hands.
Your metabolism is lightning-fast.
You like to eat raw meat.
You heal very quickly.
You can eat rotten meat.
((You are covered in fur (AC +1).))
((You have very tough skin (AC +2).))
You are agile. (Dex +2)
You can breathe flames.
Your spells are a little harder to cast, but a little more powerful.

Vault maps used:
D:1:      tarquinn_simple_flora_water_e
D:2:      lemuel_blue_sif_altar, first_bread
D:4:      grunt_temple_overflow_growth_and_decay,
          nicolae_overflow_hidden_temple, grunt_dithmenos_shadows, uniq_edmund,
          uniq_pikel
D:5:      minmay_temple_entry_glassed_door, kennysheep_cross_bottleneck
D:6:      kennysheep_big_flooded_room, lemuel_doored_altar,
          hangedman_decor_lopped
D:7:      grunt_temple_overflow_cloverleaf, vehumet_statue, serial_shops,
          nicolae_shop_crystal, minivault_24, uniq_joseph
D:8:      overflow_temple_1_default
D:9:      lemuel_castle_with_subvaults, zombieorc1_lemuel,
          minmay_lair_entry_lava, uniq_grum
D:10:     basic_altar
D:11:     minmay_goldmine, portal_ice_cave_entry_imps, uniq_sonja
D:12:     the_bakery, minmay_protected_statue


Message History

A neqoxec comes into view.
The neqoxec shouts!
The raiju bites you but does no damage.
A tentacle flies out from the starspawn's body!
The raiju bites you. The raiju shocks you. You resist.
A tentacled starspawn comes into view.
You eviscerate the raiju!!!
You kill the raiju!
The neqoxec gestures.
The rakshasa gestures.
The rakshasa blinks!
Unknown command.
You eviscerate the quasit!!!
You kill the quasit!
Unknown command.
You closely miss the neqoxec.
The rakshasa hits you but does no damage.
The neqoxec hits you.
You eviscerate the neqoxec!!!
You kill the neqoxec!
The rakshasa hits you but does no damage.
You mangle the rakshasa!!
The rakshasa is moderately wounded.
The rakshasa closely misses you.
You barely miss the rakshasa.
The rakshasa is moderately wounded.
The tentacled starspawn bites you but does no damage.
The tentacled starspawn engulfs you but does no damage.
The rakshasa hits you with a long sword.
You completely miss the rakshasa.
The rakshasa is moderately wounded.
Tentacles burst from the starspawn's body!
The rakshasa weaves an illusion.
The tentacled starspawn shimmers and seems to become two!
The tentacled starspawn bites you but does no damage.
The tentacled starspawn engulfs you!
You mangle the tentacled starspawn!! You claw the tentacled starspawn!
The tentacled starspawn is heavily damaged.
The rakshasa misses you. The tentacled starspawn bites you.
The tentacled starspawn engulfs you!
You eviscerate the tentacled starspawn!!!
You destroy the tentacled starspawn!
The starspawn's tentacles wither and die.
Your Dodging skill increases to level 8!
You have reached level 12!
Your experience leads to an increase in your attributes!
Increase (S)trength, (I)ntelligence, or (D)exterity?
You feel agile.
You feel stronger. The rakshasa barely misses you.
Unknown command.
You closely miss the rakshasa.
The rakshasa is moderately wounded.
The rakshasa hits you with a long sword.
The tentacled starspawn bites you but does no damage.
The tentacled starspawn barely misses you.
You barely miss the rakshasa.
The rakshasa is moderately wounded.
The tentacled starspawn bites you!
The tentacled starspawn engulfs you but does no damage.
The rakshasa hits you with a long sword!
You closely miss the rakshasa.
The rakshasa is moderately wounded.
The rakshasa gestures.
The rakshasa blinks!
You barely miss the tentacled starspawn.
The tentacled starspawn bites you!
The tentacled starspawn engulfs you but does no damage.
You eviscerate the tentacled starspawn!!!
The tentacled starspawn is moderately damaged.
The tentacled starspawn bites you but does no damage.
The tentacled starspawn barely misses you.
You mangle the tentacled starspawn!!
The tentacled starspawn is moderately damaged.
The tentacled starspawn bites you!
The tentacled starspawn engulfs you but does no damage.
You eviscerate the tentacled starspawn!!!
The tentacled starspawn is heavily damaged.
The tentacled starspawn closely misses you. x2
The tentacled starspawn completely misses you.
The tentacled starspawn engulfs you but does no damage.
You completely miss the tentacled starspawn.
You claw the tentacled starspawn!!
The tentacled starspawn is heavily damaged.
The tentacled starspawn bites you!
* * * LOW HITPOINT WARNING * * *
The tentacled starspawn engulfs you!
* * * LOW HITPOINT WARNING * * *
You claw the tentacled starspawn!
The tentacled starspawn is severely damaged.
The tentacled starspawn barely misses you.
The tentacled starspawn engulfs you but does no damage.
You eviscerate the tentacled starspawn!!!
The tentacled starspawn is almost destroyed.
The tentacled starspawn bites you.
* * * LOW HITPOINT WARNING * * *
The tentacled starspawn barely misses you.
You scratch the tentacled starspawn but do no damage.
The tentacled starspawn is almost destroyed.
The tentacled starspawn bites you!!
You die...
Xom bursts into laughter!

####. . .#
#.##.##.### .
##. #. # .
#.. . #. #
... #.##.#.#
.
..##.###..#.#
.. .w
##....#.. ##
. ..X3
#8##..### ...
.#X.#####
........... #
. ..#.##....
# # .###..
..# ... ##.
..### # .# ##


You could see a tentacled starspawn.

Table legend:
 A = Kills in this place as a percentage of kills in entire the game.
 B = Kills by you in this place as a percentage of kills by you in the entire game.
 C = Kills by friends in this place as a percentage of kills by friends in the entire game.
 D = Other kills in this place as a percentage of other kills in the entire game.
 E = Experience gained in this place as a percentage of experience gained in the entire game.
 F = Experience gained in this place divided by the number of levels of this place that you have seen.
                   A       B       C       D       E      F
               +-------+-------+-------+-------+-------+----------------------
         Total | 100.0 | 100.0 | 100.0 |  -nan | 100.0 | 1771.1
       Dungeon |  98.3 |  98.3 | 100.0 |  -nan |  82.6 | 1584.1
         Abyss |   1.7 |   1.7 |   0.0 |  -nan |  17.4 | 4015.0
               +-------+-------+-------+-------+-------+----------------------

Vanquished Creatures
  A tentacled starspawn (Abyss:1)
  A large abomination (Abyss:1)
  2 hill giants
  An orc knight (D:9)
  An ugly thing (D:11)
  Joseph (D:7)
  An orange demon (Abyss:1)
  A kobold demonologist (D:7)
  A fire drake (D:9)
  2 trolls
  3 slime creatures (D:11)
  A raiju (Abyss:1)
  2 wyverns
  A wraith (Abyss:1)
  A shadow (D:11)
  A hill giant zombie (D:12)
  Grum (D:9)
  The ghost of magipi the Chopper, an average HOSk of Makhleb (D:3)
  3 hippogriffs
  3 yaks (D:11)
  A neqoxec (Abyss:1)
  5 hungry ghosts
  11 wargs (D:9)
  3 wolves (D:9)
  Edmund (D:4)
  A human skeleton (D:11)
  2 sky beasts
  4 ogres
  4 phantoms
  10 orc warriors
  A yellow wasp (D:11)
  3 ice beasts
  2 centaurs
  4 giant frogs
  3 big kobolds
  2 cyclops skeletons
  2 scorpions
  14 killer bees
  A troll zombie (D:9)
  A hippogriff skeleton (D:11)
  4 crimson imps
  An elf zombie (D:11)
  A quasit (Abyss:1)
  A centaur zombie (D:8)
  3 goliath beetles
  2 jellies
  4 hounds
  An iguana (D:7)
  A black bear zombie (D:9)
  5 orc priests
  4 worker ants
  11 orc wizards
  A sky beast zombie (D:7)
  5 ogre zombies (D:9)
  8 adders
  3 giant mites (D:5)
  11 white imps (D:11)
  A shadow imp (D:11)
  A worm (D:6)
  An ufetubus (D:2)
  2 orc skeletons
  5 giant geckos
  56 orcs
  3 giant cockroaches
  6 goblins
  10 hobgoblins
  11 jackals
  2 quokkas
  A ball python (D:3)
  14 bats
  2 giant newts
  A giant newt skeleton (D:4)
  A giant spore (D:8)
  A goblin skeleton (D:9)
  2 goblin zombies (D:9)
  2 hobgoblin skeletons
  3 hobgoblin zombies
  32 kobolds
  A kobold zombie (D:7)
  9 orc zombies (D:9)
  16 rats
  2 ballistomycetes (D:8)
355 creatures vanquished.

Vanquished Creatures (collateral kills)
  Sonja (D:11)
  2 wargs (D:9)
  An ogre (D:11)
  A centaur (D:7)
  A goliath beetle (D:6)
  A white imp (D:11)
  A bat (D:10)
  A hobgoblin (D:11)
9 creatures vanquished.

Vanquished Creatures (others)
  2 quasits
  An iron imp (D:7)
  2 shadow imps
  4 starspawn tentacles (Abyss:1)
  A starspawn tentacle segment (Abyss:1)
10 creatures vanquished.

Grand Total: 374 creatures vanquished

Notes
Turn   | Place    | Note
--------------------------------------------------------------
     0 | D:1      | magipi, the Troll Chaos Knight, began the quest for the Orb.
     0 | D:1      | Reached XP level 1. HP: 22/22 MP: 1/1
   237 | D:1      | Reached XP level 2. HP: 29/29 MP: 1/1
   430 | D:2      | Reached skill level 4 in Unarmed Combat
   702 | D:2      | XOM: harmless Tloc miscast
   861 | D:2      | XOM is BORED!
   861 | D:2      | XOM: summons 1 hostile demon
   938 | D:2      | Reached XP level 3. HP: 36/36 MP: 2/2
  1106 | D:3      | XOM is BORED!
  1106 | D:3      | XOM: mild Pois miscast
  1254 | D:3      | Noticed magipi's ghost (average HOSk)
  1260 | D:3      | XOM: potion effect (might)
  1268 | D:3      | Killed magipi's ghost
  1268 | D:3      | Reached skill level 6 in Unarmed Combat
  1268 | D:3      | Reached XP level 4. HP: 23/44 MP: 1/2
  1268 | D:3      | Reached XP level 5. HP: 26/50 MP: 1/2
  1466 | D:3      | XOM: enchant monster (good)
  1509 | D:3      | XOM: god gift: scroll labeled YPROVO TRYOVO
  1530 | D:3      | XOM: god gift: scroll labeled TWIMNE CEBLAPS
  1734 | D:3      | XOM: give mutation
  1734 | D:3      | Gained mutation: Your spells are a little harder to cast, but a little more powerful. [Xom's mischief]
  1793 | D:4      | Found a blossoming altar of Fedhas.
  1794 | D:4      | Found an ancient bone altar of Kikubaaqudgha.
  1824 | D:4      | Noticed a slave
  1824 | D:4      | Noticed a slave
  1825 | D:4      | Noticed Pikel
  1825 | D:4      | Noticed a slave
  1825 | D:4      | Noticed a slave
  1876 | D:4      | Found a white marble altar of Elyvilon.
  1878 | D:4      | XOM: 1-stop teleportation journey
  1942 | D:4      | Found a shadowy altar of Dithmenos.
  1942 | D:4      | Noticed a phantom
  1954 | D:4      | XOM: summons 5 friendly demons
  2214 | D:4      | XOM: mild Ice miscast
  2215 | D:4      | Noticed Edmund
  2222 | D:4      | Killed Edmund
  2222 | D:4      | Reached skill level 7 in Unarmed Combat
  2222 | D:4      | Reached XP level 6. HP: 50/59 MP: 3/3
  2231 | D:4      | XOM: enchant monster (bad)
  2241 | D:5      | Entered Level 5 of the Dungeon
  2264 | D:5      | XOM: silly message
  2408 | D:5      | XOM: 1-stop teleportation journey
  2467 | D:5      | Learned a level 1 spell: Apportation
  2488 | D:5      | XOM: mild Conj miscast
  3017 | D:6      | Learned a level 2 spell: Blink
  3129 | D:6      | XOM: harmless Trmt miscast
  3131 | D:6      | XOM: medium Divn miscast
  3133 | D:6      | XOM: swap monsters
  3144 | D:6      | Reached skill level 8 in Unarmed Combat
  3144 | D:6      | Reached skill level 1 in Translocations
  3144 | D:6      | Reached XP level 7. HP: 60/66 MP: 0/3
  3204 | D:6      | XOM: harmless Tloc miscast
  3219 | D:6      | XOM: silly message
  3301 | D:6      | Found a stormy altar of Qazlal.
  3543 | D:6      | Noticed a hill giant
  3564 | D:6      | XOM: noise
  3581 | D:6      | Noticed a snapping turtle
  3581 | D:6      | a hill giant changed into a snapping turtle
  3581 | D:6      | XOM: polymorph hill giant -> snapping turtle
  3591 | D:6      | XOM: destruction
  3597 | D:6      | XOM: confuse monster(s)
  3598 | D:6      | XOM: divination: detect creatures
  3636 | D:6      | XOM: summons 2 friendly demons
  3653 | D:6      | XOM: enchant monster (good)
  3833 | D:6      | XOM: polymorph ooze -> killer bee
  3878 | D:6      | XOM: confuse monster(s)
  4018 | D:7      | Reached XP level 8. HP: 71/74 MP: 3/3
  4094 | D:7      | XOM: summons 5 friendly demons
  4118 | D:7      | Reached skill level 9 in Unarmed Combat
  4333 | D:7      | Found a radiant altar of Vehumet.
  4411 | D:7      | Found Clerawus' Armour Emporium.
  4420 | D:7      | Bought a +2 hat for 224 gold pieces
  4549 | D:7      | XOM: polymorph big kobold -> giant frog
  4617 | D:7      | Found a shadowy altar of Dithmenos.
  4620 | D:7      | Found a basalt altar of Yredelemnul.
  4628 | D:7      | Found a snail-covered altar of Cheibriados.
  4662 | D:7      | Noticed a kobold demonologist
  4662 | D:7      | XOM: summons friendly crimson imp
  4673 | D:7      | Noticed a red devil
  4675 | D:7      | Killed a kobold demonologist
  4695 | D:7      | Found a glowing silver altar of Zin.
  4803 | D:7      | Reached skill level 10 in Unarmed Combat
  4823 | D:7      | Noticed Joseph
  4828 | D:7      | XOM: confuse monster(s)
  4838 | D:7      | Killed Joseph
  4838 | D:7      | Reached skill level 5 in Translocations
  4838 | D:7      | Reached XP level 9. HP: 72/80 MP: 4/4
  4911 | D:8      | Found a glowing golden altar of the Shining One.
  5019 | D:8      | XOM: god gift: scroll of teleportation
  5220 | D:8      | Gained mutation: You can breathe flames. [potion of beneficial mutation]
  5221 | D:8      | Gained mutation: You are agile. (Dex +2) [potion of beneficial mutation]
  5421 | D:8      | XOM: 2-stop teleportation journey
  5458 | D:8      | XOM: mild Erth miscast
  5677 | D:9      | XOM: confuse monster(s)
  5710 | D:9      | XOM: harmless Erth miscast
  5771 | D:9      | Reached skill level 11 in Unarmed Combat
  5783 | D:9      | Found a staircase to the Lair.
  5783 | D:9      | Noticed a fire drake
  5814 | D:9      | Killed a fire drake
  5972 | D:9      | XOM: divination: detect creatures
  6058 | D:9      | Found a staircase to the Orcish Mines.
  6078 | D:9      | Reached XP level 10. HP: 72/88 MP: 3/4
  6197 | D:9      | XOM: cast spell 'Cause Fear'
  6489 | D:9      | XOM: divination: detect items
  6502 | D:9      | Reached skill level 12 in Unarmed Combat
  6576 | D:9      | Noticed an orc knight
  6577 | D:9      | XOM: confuse monster(s)
  6588 | D:9      | Killed an orc knight
  6670 | D:9      | Noticed Grum
  6676 | D:9      | XOM: divination: detect creatures
  6701 | D:9      | XOM: mild Tloc miscast
  6854 | D:9      | Killed Grum
  7053 | D:9      | Noticed an orc warlord
  7165 | D:9      | XOM: confuse monster(s)
  7165 | D:9      | Reached skill level 5 in Dodging
  7197 | D:9      | XOM: divination: detect items
  7282 | D:9      | Reached XP level 11. HP: 60/94 MP: 3/4
  7298 | D:10     | Entered Level 10 of the Dungeon
  7429 | D:10     | Noticed a hill giant
  7436 | D:10     | XOM: confuse monster(s)
  7450 | D:10     | Killed a hill giant
  7450 | D:10     | Reached skill level 13 in Unarmed Combat
  7555 | D:10     | XOM: god gift: tubular ivory ring {god gift}
  7568 | D:10     | XOM: cast spell 'Summon Ice Beast'
  7585 | D:10     | XOM: god gift: 18 stones
  7645 | D:10     | Identified a scroll of acquirement
  7669 | D:10     | Found an ancient bone altar of Kikubaaqudgha.
  7801 | D:10     | XOM: divination: detect items
  8073 | D:11     | XOM: divination: detect creatures
  8270 | D:11     | XOM: divination: magic mapping
  8456 | D:11     | XOM: harmless Summ miscast
  8586 | D:11     | XOM: noise
  8597 | D:11     | Noticed Sonja
  8611 | D:11     | XOM: harmless Ice miscast
  8642 | D:11     | XOM: noise
  8643 | D:11     | XOM: noise
  8669 | D:11     | XOM: harmless Conj miscast
  8671 | D:11     | XOM: 10-stop teleportation journey
  8674 | D:11     | XOM: summons friendly quasit
  8843 | D:11     | Noticed a hill giant
  8850 | D:11     | Killed a hill giant
  8851 | D:11     | Killed Sonja
  9081 | D:12     | Reached skill level 14 in Unarmed Combat
  9119 | D:12     | XOM: cast spell 'Flight'
  9185 | D:11     | XOM: severe Summ miscast
  9185 | D:11     | Cast into the Abyss (the severe capriciousness of Xom)
  9185 | Abyss:1  | XOM: stealth player
  9216 | Abyss:1  | Noticed a large abomination
  9216 | Abyss:1  | XOM: potion effect (berserk rage)
  9222 | Abyss:1  | Killed a large abomination
  9364 | Abyss:1  | Noticed a rakshasa
  9377 | Abyss:1  | Noticed a large abomination
  9390 | Abyss:1  | XOM: harmless Chrm miscast
  9402 | Abyss:1  | XOM: cast spell 'Statue Form'
  9411 | Abyss:1  | Noticed a tentacled starspawn
  9420 | Abyss:1  | Killed a tentacled starspawn
  9420 | Abyss:1  | Reached XP level 12. HP: 99/104 MP: 3/5
  9431 | Abyss:1  | Slain by a tentacled starspawn (illusionary)

Action                   |  1- 3 |  4- 6 |  7- 9 | 10-12 || total
-------------------------+-------+-------+-------+-------++-------
Melee: Unarmed           |    93 |   139 |   317 |   548 ||  1097
 Fire: Blowgun           |       |       |    16 |    15 ||    31
Evoke: Wand              |       |     2 |    16 |     9 ||    27
  Use: Scroll            |       |    14 |     8 |     5 ||    27
       Potion            |       |     1 |     4 |     1 ||     6
 Stab: Paralysed         |       |       |     1 |       ||     1
       Confused          |       |       |       |     3 ||     3
       Distracted        |       |       |       |     1 ||     1
  Eat: Chunk             |    13 |    16 |    29 |    22 ||    80
       Beef jerky        |       |       |       |     4 ||     4
       Fruit             |       |       |       |     3 ||     3
       Pizza             |       |       |       |     1 ||     1

Action                   |  1- 3 |  4- 6 |  7- 9 | 10-12 || total
-------------------------+-------+-------+-------+-------++-------
Melee: Unarmed           |    93 |   139 |   317 |   548 ||  1097
 Fire: Blowgun           |       |       |    16 |    15 ||    31
Evoke: Wand              |       |     2 |    16 |     9 ||    27
  Use: Scroll            |       |    14 |     8 |     5 ||    27
       Potion            |       |     1 |     4 |     1 ||     6
 Stab: Paralysed         |       |       |     1 |       ||     1
       Confused          |       |       |       |     3 ||     3
       Distracted        |       |       |       |     1 ||     1
  Eat: Chunk             |    13 |    16 |    29 |    22 ||    80
       Beef jerky        |       |       |       |     4 ||     4
       Fruit             |       |       |       |     3 ||     3
       Pizza             |       |       |       |     1 ||     1

Action                   |  1- 3 |  4- 6 |  7- 9 | 10-12 || total
-------------------------+-------+-------+-------+-------++-------
Melee: Unarmed           |    93 |   139 |   317 |   548 ||  1097
 Fire: Blowgun           |       |       |    16 |    15 ||    31
Evoke: Wand              |       |     2 |    16 |     9 ||    27
  Use: Scroll            |       |    14 |     8 |     5 ||    27
       Potion            |       |     1 |     4 |     1 ||     6
 Stab: Paralysed         |       |       |     1 |       ||     1
       Confused          |       |       |       |     3 ||     3
       Distracted        |       |       |       |     1 ||     1
  Eat: Chunk             |    13 |    16 |    29 |    22 ||    80
       Beef jerky        |       |       |       |     4 ||     4
       Fruit             |       |       |       |     3 ||     3
       Pizza             |       |       |       |     1 ||     1
